 Dungeon Crawl Stone Soup version 0.24-a0-194-g9bee6eb (webtiles) character file.

Game seed: 5090251441562838787

10231 gruber the Archer (level 11, -3/91 (92) HPs)
             Began as a Centaur Hunter on Mar 18, 2019.
             Was a Priest of Okawaru.
             Slain by a black mamba (18 damage)
             ... on level 1 of the Lair of Beasts.
             The game lasted 00:29:17 (15467 turns).

gruber the Archer (Centaur Hunter)                 Turns: 15467, Time: 00:29:18

HP:   -3/91 (92)    AC: 12    Str: 21    XL:     11   Next: 33%
MP:   12/13         EV: 13    Int: 10    God:    Okawaru [***...]
Gold: 689           SH:  0    Dex: 13    Spells: 10/10 levels left

rFire    + . .     SeeInvis .   b - +4 short sword
rCold    . . .     Gourm    .   (no shield)
rNeg     . . .     Faith    .   y - +3 leather armour of Trial and Error {rPois Regen+ Str+6 Slay-4}
rPois    +         Spirit   .   u - +2 helmet
rElec    .         Reflect  .   C - +0 cloak
rCorr    .         Harm     .   (no gloves)
MR       .....                  (no barding)
Stlth    +.........             (no amulet)
HPRegen  0.65/turn              i - ring of protection from fire
MPRegen  0.13/turn              (no ring)

@: drained, very quick
A: large, hooves 3, deformed body, speed 2, tough skin 3
a: Heroism, Renounce Religion


You were on level 1 of the Lair of Beasts.
You worshipped Okawaru.
Okawaru was most pleased with you.
You were not hungry.

You visited 3 branches of the dungeon, and saw 12 of its levels.

You collected 689 gold pieces.

Inventory:

Hand Weapons
 a - a +1 shortbow
 b - a +4 short sword (weapon)
 p - a +0 blowgun
 N - a +0 executioner's axe
Missiles
 d - 82 arrows
 q - 59 poisoned needles
Armour
 c - a +0 leather armour
 u - a +2 helmet (worn)
 y - the +3 leather armour of Trial and Error (worn) {rPois Regen+ Str+6 Slay-4}
   (You found it on level 5 of the Dungeon)

   It affects your strength (+6).
   It affects your accuracy and damage with ranged weapons and melee attacks
   (-4).
   It protects you from poison.
   It increases your rate of regeneration.
 C - a +0 cloak (worn)
Jewellery
 i - a ring of protection from fire (left hand)
Wands
 j - a wand of enslavement (10)
 n - a wand of polymorph (9)
 A - a wand of disintegration (25)
 F - a wand of flame (17)
 J - a wand of paralysis (14)
 K - a wand of digging (6)
 L - a wand of random effects (14)
Scrolls
 e - 4 scrolls of fear {unknown}
 g - 5 scrolls of teleportation
 h - 4 scrolls of identify
 k - 3 scrolls of immolation {unknown}
 l - 3 scrolls of blinking {unknown}
 s - 9 scrolls of remove curse
 t - 2 scrolls of amnesia {unknown}
 v - 2 scrolls of enchant weapon {unknown}
 w - 2 scrolls of enchant armour {unknown}
 x - a scroll of fog {unknown}
 H - 2 scrolls of silence {unknown}
Potions
 m - 5 potions of magic
 o - 6 potions of might
 r - 3 potions of mutation {unknown}
 z - 5 potions of agility {unknown}
 B - 3 potions of invisibility
 D - 5 potions of flight {unknown}
 E - a potion of resistance {unknown}
 G - a potion of curing {unknown}
 I - a potion of heal wounds
 M - a potion of berserk rage {unknown}
Comestibles
 f - 32 rations


   Skills:
 * Level 7.4(6.7) Fighting
 - Level 14.0(13.1) Bows
 - Level 5.1(4.4) Armour
 - Level 8.0(7.2) Dodging
 - Level 0.4(0.0) Stealth
 - Level 3.1(2.4) Invocations


You had 10 spell levels left.
You didn't know any spells.
Your spell library contained the following spells:

 Spells                   Type           Power        Failure   Level  Hunger
 Confusing Touch          Hex            #.....       41%         1    ##.....
 Summon Small Mammal      Summ           #...         41%         1    ##.....
 Call Imp                 Summ           #.......     54%         2    ###....
 Call Canine Familiar     Summ           #.......     78%         3    ####...
 Confuse                  Hex            #.......     78%         3    ####...
 Gell's Gravitas          Tloc           #.........   78%         3    ####...
 Summon Guardian Golem    Hex/Summ       #.......     78%         3    ####...
 Petrify                  Tmut/Erth      #.......     99%         4    #####..
 Summon Ice Beast         Ice/Summ       #.......     99%         4    #####..
 Summon Lightning Spire   Summ/Air       #.......     99%         4    #####..
 Metabolic Englaciation   Hex/Ice        #.........   100%        5    ######.
 Yara's Violent Unravell  Hex/Tmut       #.........   100%        5    ######.


Dungeon Overview and Level Annotations

Branches:
Dungeon (10/15)            Temple (1/1) D:7            Lair (1/6) D:8
    Orc (0/2) D:9

Altars:
Ashenzari
Cheibriados
Dithmenos
Elyvilon
Fedhas
Gozag
Hepliaklqana
Kikubaaqudgha
Makhleb
Nemelex Xobeh
Okawaru
Qazlal
Ru
Sif Muna
Trog
Uskayaw
Vehumet
Wu Jian
Xom
Yredelemnul
Zin
The Shining One
Beogh

Shops:
D:4 %   D:7 (

Annotations:
D:10 1 runed translucent door


Innate Abilities, Weirdness & Mutations

You have hooves in place of feet.
Armour fits poorly on your strangely shaped body.
You cover ground very quickly.
You have extremely tough skin. (AC +3)


Message History

The black mamba closely misses you.
You closely miss the black mamba. Your kick misses the black mamba.
The black mamba is severely wounded.
The black mamba closely misses you. x2
You closely miss the black mamba. Your kick misses the black mamba.
The black mamba is severely wounded.
The black mamba barely misses you. The black mamba bites you!
* * * LOW HITPOINT WARNING * * *
You hit the black mamba. Your kick misses the black mamba.
The black mamba is almost dead.
The black mamba misses you.
You miss the black mamba. You kick the black mamba.
The black mamba is almost dead.
You feel like a meek peon again. The black mamba closely misses you.
The black mamba bites you but does no damage.
You barely miss the black mamba. Your kick misses the black mamba.
The black mamba is almost dead.
The black mamba bites you!!
You die...

#...(# #..(.# #....#
+...(# #...(# #...(#
#...S# ..# #...@#
#..## #+##....# #...#
........## ####..#
........P###.##..#
.................#
.................#
.................# .
.................#
#.##.....###..##P#.##


You could see a black mamba.

Vanquished Creatures
  A two-headed ogre (D:10)
  The ghost of galech the Chopper, a novice DsFi (D:7)
  2 cyclopes (D:10)
  2 centaur skeletons (D:10)
  A troll (D:10)
  A spriggan (D:7)
  Grum (D:8)
  A hungry ghost (D:10)
  3 porcupines (D:8)
  9 orc warriors
  5 sky beasts
  3 ice beasts
  An eye of draining (D:8)
  5 black bears
  6 ogres
  2 phantoms
  3 centaurs
  A necrophage (D:10)
  2 wolves (D:8)
  4 crocodiles (D:8)
  A big kobold (D:6)
  3 bullfrogs
  4 scorpions
  A wyvern skeleton (D:7)
  5 killer bees (D:10)
  3 howler monkeys
  3 jellies
  A bullfrog zombie (D:3)
  2 centaur zombies (D:10)
  6 crimson imps
  A quasit (D:5)
  6 hounds
  13 orc wizards
  3 bullfrog skeletons
  A gnoll shaman (D:8)
  11 orc priests
  Ijyb (D:5)
  2 iguanas
  6 worker ants
  3 killer bee zombies
  A hound skeleton (D:10)
  2 worker ant zombies
  Robin (D:4)
  17 adders
  10 gnolls
  7 shadow imps
  2 oozes
  3 adder skeletons
  6 worms
  2 dart slugs (D:1)
  3 leopard geckos
  56 orcs
  5 bats
  8 giant cockroaches
  14 goblins
  8 hobgoblins
  16 jackals
  4 quokkas
  A ball python (D:3)
  10 frilled lizards
  18 kobolds
  A quokka skeleton (D:5)
  7 rats
332 creatures vanquished.

Vanquished Creatures (collateral kills)
  A wolf (D:8)
1 creature vanquished.

Vanquished Creatures (others)
  2 fungi (D:8)
  3 plants (D:8)
5 creatures vanquished.

Grand Total: 338 creatures vanquished

Notes
Turn   | Place    | Note
-------+----------+-------------------------------------------
     0 | D:1      | gruber the Centaur Hunter began the quest for the Orb.
     0 | D:1      | Reached XP level 1. HP: 17/17 MP: 1/1
   224 | D:1      | Reached XP level 2. HP: 17/25 MP: 2/2
   971 | D:2      | Reached XP level 3. HP: 10/33 MP: 3/3
  1448 | D:2      | Reached XP level 4. HP: 40/41 MP: 4/4
  1912 | D:2      | Found an ornate altar of the Wu Jian Council.
  2144 | D:3      | Reached skill level 5 in Fighting
  2274 | D:3      | Found a sacrificial altar of Ru.
  2330 | D:3      | Reached XP level 5. HP: 24/48 MP: 5/5
  3140 | D:4      | Noticed an ogre
  3175 | D:4      | Killed an ogre
  3175 | D:4      | Reached XP level 6. HP: 32/58 MP: 6/6
  3337 | D:4      | Noticed Robin
  3377 | D:4      | Killed Robin
  3566 | D:4      | Reached skill level 6 in Bows
  4121 | D:4      | Reached skill level 7 in Bows
  4146 | D:4      | Found Kiemu's Food Boutique.
  4256 | D:5      | Entered Level 5 of the Dungeon
  4426 | D:5      | Got an ichor-stained leather armour
  4437 | D:5      | Identified the +3 leather armour of Trial and Error {rPois
                  | Regen+ Str+6 Slay-4} (You found it on level 5 of the
                  | Dungeon)
  4456 | D:5      | Reached XP level 7. HP: 56/64 MP: 7/7
  4477 | D:5      | Reached skill level 8 in Bows
  4505 | D:5      | Reached skill level 9 in Bows
  4896 | D:5      | Reached skill level 10 in Bows
  4968 | D:5      | Noticed Ijyb
  4986 | D:5      | Killed Ijyb
  5094 | D:5      | Reached XP level 8. HP: 71/71 MP: 8/8
  5168 | D:5      | Reached skill level 11 in Bows
  5782 | D:6      | Reached skill level 12 in Bows
  6102 | D:6      | Reached skill level 13 in Bows
  6513 | D:6      | Reached XP level 9. HP: 75/77 MP: 9/9
  7187 | D:7      | Found a sparkling altar of Nemelex Xobeh.
  7201 | D:7      | Found a staircase to the Ecumenical Temple.
  7214 | D:7      | Reached skill level 14 in Bows
  7221 | Temple   | Entered the Ecumenical Temple
  7459 | D:7      | Found Xap Moim's Antique Weapon Shop.
  7902 | D:7      | Found an opulent altar of Gozag.
  8041 | D:7      | Found a runed translucent door.
  8044 | D:7      | Noticed galech's ghost (novice DsFi)
  8250 | D:7      | Killed galech's ghost
  8653 | D:7      | You fall through a shaft for 2 floors!
  8688 | D:9      | Reached skill level 5 in Dodging
  8919 | D:9      | Reached XP level 10. HP: 65/84 MP: 10/10
  9033 | D:9      | Found a roughly hewn altar of Beogh.
  9037 | D:9      | Found a staircase to the Orcish Mines.
  9088 | D:9      | Found an iron altar of Okawaru.
  9095 | D:9      | Became a worshipper of Warmaster Okawaru
  9944 | D:8      | Reached * piety under Okawaru
 10343 | D:8      | Found a staircase to the Lair.
 10380 | D:8      | Noticed Grum
 10414 | D:8      | Killed Grum
 10414 | D:8      | Reached skill level 1 in Invocations
 10678 | D:8      | Reached ** piety under Okawaru
 11006 | D:7      | Found a snail-covered altar of Cheibriados.
 11006 | D:7      | Found a shattered altar of Ashenzari.
 11023 | D:7      | Found a radiant altar of Vehumet.
 11025 | D:7      | Found a faded altar of an unknown god.
 11026 | D:7      | Found a stormy altar of Qazlal.
 11757 | D:9      | Found a shadowy altar of Dithmenos.
 12126 | D:10     | Entered Level 10 of the Dungeon
 12145 | D:10     | Reached skill level 1 in Armour
 12784 | D:10     | Found a runed translucent door.
 13220 | D:10     | Found a runed translucent door.
 13275 | D:10     | Reached XP level 11. HP: 68/90 MP: 13/13
 13699 | D:10     | Noticed a two-headed ogre
 14288 | D:10     | Reached *** piety under Okawaru
 14350 | D:10     | Noticed a catoblepas
 14814 | D:10     | Reached skill level 5 in Armour
 14983 | D:10     | Killed a two-headed ogre
 14983 | D:10     | Received a gift from Okawaru
 15401 | Lair:1   | Entered Level 1 of the Lair of Beasts
 15467 | Lair:1   | Slain by a black mamba

Levels and vault maps discovered:
D:1:      lightli_arrival_statue_moat, layout_loops_ring
D:2:      layout_loops_ring, lemuel_coloured_pillars_altar
D:3:      layout_basic, nicolae_ru_path_of_blood, minmay_misc_feat_roman
D:4:      layout_basic, serial_shops, shop, uniq_robin
D:5:      layout_cave_pools, first_ration, serial_park_tiny_1,
          dk_noncrumbling_4, nrook_pool_corridor, minmay_increasing_density,
          uniq_ijyb
D:6:      layout_loops_corners
D:7:      layout_gridville, nicolae_gozag_seed_capital, lemuel_crystal_altar,
          chequers_temple_overflow_minitemple, minmay_temple_entry_butterflies,
          serial_glass, glass_columns_b, glass_columns_a, glass_columns_c,
          glass_columns_a, glass_columns_a, glass_columns_a,
          ebering_ghost_reflecting_pool, serial_shops, nicolae_shop_trees,
          the_bakery
D:8:      layout_basic, minmay_lair_entry_grove, uniq_grum
D:9:      layout_layer_cave, old_standard_altar, kennysheep_mini_moat,
          david_orc_5, kennysheep_generic_room_12
D:10:     cheibrodos_histonic, layout_basic, grunt_ministairs_8,
          minmay_tree_intersection
Temple:   minmay_temple_bridge_abc
Lair:1:   layout_regular_city, grunt_megastairs_1

Skill      XL: |  1  2  3  4  5  6  7  8  9 10 11 |
---------------+----------------------------------+-----
Fighting       | 3 4 5 6 7 |  7.4
Bows           | 7 10 13 14 | 14.0
Dodging        | 6 8 |  8.0
Invocations    | 3 |  3.1
Armour         | 3 5 |  5.1
Stealth        | |  0.4

Action                   |  1- 3 |  4- 6 |  7- 9 | 10-12 || total
-------------------------+-------+-------+-------+-------++-------
Melee: Short sword       |   102 |   161 |   226 |   230 ||   719
       Kick              |    17 |    38 |    43 |    56 ||   154
       Shortbow          |       |       |       |     3 ||     3
 Fire: Shortbow          |     5 |    57 |   556 |   815 ||  1433
       Blowgun           |       |       |    20 |       ||    20
Invok: Heroism           |       |       |       |     7 ||     7
Evoke: Wand              |       |       |     1 |     1 ||     2
  Use: Scroll            |       |       |     7 |       ||     7
       Potion            |       |       |     1 |       ||     1
  Eat: Chunk             |       |     9 |    11 |    14 ||    34
       Ration            |       |       |       |     1 ||     1
Armor: Leather armour    |    39 |    66 |   195 |   227 ||   527
Dodge: Dodged            |    38 |    78 |   194 |   297 ||   607

Table legend:
 A = Non-vault XP
 B = Vault XP
 C = Vault XP percentage of total XP
 D = Non-vault monster count
 E = Vault monster count
 F = Vault count percentage of total count
                 A         B        C        D         E       F
            +---------+---------+-------+---------+---------+-------
      Total |    7152 |    7464 |  51.1 |     253 |      80 |  24.0
            +---------+---------+-------+---------+---------+-------
        D:1 |      36 |       0 |   0.0 |      21 |       0 |   0.0
        D:2 |      84 |       0 |   0.0 |      20 |       0 |   0.0
        D:3 |     136 |       0 |   0.0 |      28 |       0 |   0.0
        D:4 |     460 |      34 |   6.9 |      22 |      12 |  35.3
        D:5 |     972 |     290 |  23.0 |      30 |       8 |  21.1
        D:6 |    1118 |       0 |   0.0 |      26 |       0 |   0.0
        D:7 |     830 |     802 |  49.1 |      26 |       2 |   7.1
        D:8 |    1083 |    1874 |  63.4 |      29 |      15 |  34.1
        D:9 |     499 |     886 |  64.0 |      19 |      24 |  55.8
       D:10 |    1934 |    3578 |  64.9 |      32 |      19 |  37.3
            +---------+---------+-------+---------+---------+-------
